 Dungeon Crawl Stone Soup version 0.26.0-10-g1f06aea511 (webtiles) character file.

Game seed: 16382417746702687383

567 WimpyRanger the Sneak (level 7, 0/52 HPs)
             Began as a Merfolk Ice Elementalist on Jan 13, 2021.
             Was an Initiate of Gozag.
             Slain by Grinder (4 damage)
             ... while paralysed by Grinder
             ... on level 4 of the Dungeon.
             The game lasted 00:14:27 (6349 turns).

WimpyRanger the Sneak (Merfolk Ice Elementalist)    Turns: 6349, Time: 00:14:28

Health: 0/52       AC: 10    Str:  8    XL:     7   Next: 33%
Magic:  0/22       EV:  2    Int: 16    God:    Gozag
Gold:   289        SH:  0    Dex: 15    Spells: 7/14 levels left

rFire    + . .     SeeInvis .   d - +0 trident
rCold    . . .     Faith    .   (no shield)
rNeg     . . .     Spirit   +   f - +1 leather armour {rF+}
rPois    .         Reflect  .   (no helmet)
rElec    .         Harm     .   (no cloak)
rCorr    .         Rampage  .   n - +1 pair of gloves
Will     .....                  (no boots)
Stlth    +++.......             e - amulet of guardian spirit
HPRegen  0.17/turn              o - ring of magical power (curse)
MPRegen  0.18/turn              (no ring)

@: paralysed, icy armour, frozen ramparts
A: change form in water, swift swim, stealthy swim
a: Renounce Religion, Potion Petition, Call Merchant, Bribe Branch


You were on level 4 of the Dungeon.
You worshipped Gozag.
Gozag was aware of your devotion.
You visited 1 branch of the dungeon, and saw 4 of its levels.

You collected 313 gold pieces.
You paid 24 gold pieces to Gozag.

Inventory:

Hand Weapons
 c - a +1 short sword
 d - a +0 trident (weapon)
Armour
 a - a +0 robe
 f - a +1 leather armour of fire resistance (worn)
 n - a +1 pair of gloves (worn)
Jewellery
 e - an amulet of guardian spirit (around neck)
 m - an uncursed ring of flight
 o - a cursed ring of magical power (left hand)
Wands
 q - a wand of iceblast (7)
Scrolls
 g - 2 scrolls of identify
 h - 2 scrolls of teleportation
 i - a scroll of magic mapping {unknown}
 l - a scroll of remove curse {unknown}
 r - a scroll of noise {unknown}
 s - a scroll of fog {unknown}
Potions
 b - 3 potions of haste
 j - 2 potions of curing {unknown}
 k - a potion of brilliance {unknown}
 p - a potion of ambrosia {unknown}


   Skills:
 + Level 3.5 Fighting
 * Level 3.8 Polearms
 - Level 3.0 Dodging
 + Level 5.3 Stealth
 - Level 4.0 Spellcasting
 - Level 5.0 Ice Magic


You had 7 spell levels left.
You knew the following spells:

 Your Spells              Type           Power        Failure   Level
a - Freeze                Ice            76%          3%          1
b - Frozen Ramparts       Ice            38%          10%         3
c - Ozocubu's Armour      Ice            19%          10%         3

Your spell library contained the following spells:

 Spells                   Type           Power        Failure   Level
 Hailstorm                Conj/Ice       11%          65%         4
 Summon Ice Beast         Ice/Summ       11%          65%         4


Dungeon Overview and Level Annotations

Branches:
Dungeon (4/15)
 Temple: D:4-7

Altars:
Cheibriados
Gozag
Hepliaklqana
Kikubaaqudgha
Nemelex Xobeh
Okawaru
Ru
Xom

Annotations:
D:4 2 transporters, Grinder


Message History

You suddenly lose the ability to move!
Grinder resists.
The wall freezes Grinder.
Grinder hits you!
You writhe in agony.
Grinder completely resists.
The wall freezes Grinder but does no damage.
Grinder barely misses you.
Grinder completely resists.
The wall freezes Grinder but does no damage.
Grinder hits you.
* * * LOW HITPOINT WARNING * * *
You writhe in agony.
* * * LOW HITPOINT WARNING * * *
Grinder completely resists.
The wall freezes Grinder but does no damage.
Grinder hits you but does no damage.
Grinder resists.
The wall freezes Grinder.
Grinder hits you!
* * * LOW HITPOINT WARNING * * *
You writhe in agony.
You die...
Your body crumbles into a pile of gold.

######.)..# ##......####
#...#....# #.).#....#
#######..###.#### #######
#..#..#..######.## #......
#.....)..........# ##.....
#............5...# #.....
#..#########@##.##########...
#######...##.##...#....###...
#.....#......#....'..........
#.....#......#....#..........
#.....#......#....#..........
#.....#......#....#..........
#....####..####..###....##...
#....####..####..###....##...
#.................'......#...


You could see Grinder.

Vanquished Creatures
  Menkaure (D:4)
  An ogre (D:4)
  2 lemures (D:3)
  A gnoll sergeant (D:4)
  A scorpion (D:4)
  A hound (D:3)
  Ijyb (D:3)
  A worker ant (D:4)
  5 gnolls (D:4)
  5 adders
  An adder skeleton (D:4)
  A dart slug (D:3)
  4 leopard geckos
  An orc (D:4)
  A ball python (D:2)
  A giant cockroach (D:3)
  4 goblins
  8 hobgoblins
  8 jackals
  9 kobolds
  A quokka (D:2)
  6 bats
  2 frilled lizards
  A jackal skeleton (D:4)
  6 rats
73 creatures vanquished.

Notes
Turn   | Place    | Note
-------+----------+-------------------------------------------
     0 | D:1      | WimpyRanger the Merfolk Ice Elementalist began the quest
                  | for the Orb.
     0 | D:1      | Reached XP level 1. HP: 13/13 MP: 3/3
   248 | D:1      | Reached XP level 2. HP: 15/19 MP: 0/5
  1219 | D:2      | Reached XP level 3. HP: 24/24 MP: 4/6
  2142 | D:2      | Learned a level 3 spell: Frozen Ramparts
  2257 | D:2      | Found a sparkling altar of Nemelex Xobeh.
  2259 | D:2      | Found a hazy altar of Hepliaklqana.
  2259 | D:2      | Found a sparkling altar of Nemelex Xobeh.
  2261 | D:2      | Found a shimmering altar of Xom.
  2261 | D:2      | Found a shimmering altar of Xom.
  2261 | D:2      | Found a shimmering altar of Xom.
  2414 | D:3      | Learned a level 3 spell: Ozocubu's Armour
  2576 | D:3      | Reached XP level 4. HP: 30/30 MP: 5/8
  2636 | D:3      | Reached skill level 5 in Ice Magic
  2885 | D:3      | Noticed Ijyb
  2896 | D:3      | Killed Ijyb
  2897 | D:3      | Reached skill level 1 in Fighting
  3584 | D:3      | Found an iron altar of Okawaru.
  3587 | D:3      | Found a sparkling altar of Nemelex Xobeh.
  3638 | D:3      | Found an opulent altar of Gozag.
  3639 | D:3      | Found a hazy altar of Hepliaklqana.
  3639 | D:3      | Found a sacrificial altar of Ru.
  3643 | D:3      | Found an ancient bone altar of Kikubaaqudgha.
  3644 | D:3      | Found a snail-covered altar of Cheibriados.
  3651 | D:3      | Became a worshipper of Gozag Ym Sagoz the Greedy
  3724 | D:4      | Reached XP level 5. HP: 32/37 MP: 9/9
  3848 | D:4      | Noticed Grinder
  3848 | D:4      | Noticed Menkaure
  4526 | D:4      | Noticed Pikel
  4526 | D:4      | Noticed a lemure
  4526 | D:4      | Noticed a lemure
  4526 | D:4      | Noticed a lemure
  4526 | D:4      | Noticed a lemure
  4533 | D:3      | Killed a lemure
  4679 | D:4      | Killed Menkaure
  4680 | D:4      | Reached XP level 6. HP: 5/46 MP: 10/11
  5104 | D:4      | Found a transporter.
  5131 | D:4      | Reached skill level 1 in Polearms
  5139 | D:4      | Reached skill level 5 in Stealth
  5917 | D:4      | Found a transporter.
  6127 | D:4      | Reached XP level 7. HP: 49/52 MP: 10/12
  6319 | D:4      | Paralysed by Grinder for 6 turns
  6337 | D:4      | Paralysed by Grinder for 6 turns
  6344 | D:4      | Paralysed by Grinder for 6 turns
  6349 | D:4      | Slain by Grinder

Illustrated notes

Levels and vault maps discovered:
D:1:      dpeg_arrival_pond, layout_basic
D:2:      layout_rooms, doesnt_xom_only_xom
D:3:      layout_loops_corners, minitemple, uniq_ijyb
D:4:      gammafunk_steamed_eel, layout_gridville, uniq_grinder, uniq_menkaure,
          uniq_pikel

Skill      XL: |  1  2  3  4  5  6  7 |
---------------+----------------------+-----
Dodging        | 3 |  3.0
Stealth        | 3 4 5 |  5.3
Ice Magic      | 5 |  5.0
Fighting       | 1 2 3 |  3.5
Spellcasting   | 3 4 |  4.0
Polearms       | 2 3 |  3.8

Action                   |  1- 3 |  4- 6 |  7- 9 || total
-------------------------+-------+-------+-------++-------
Melee: Short sword       |    54 |    34 |       ||    88
       Trident           |       |    58 |    19 ||    77
 Cast: Freeze            |    30 |    43 |       ||    73
       Ozocubu's Armour  |       |     6 |     2 ||     8
       Frozen Ramparts   |       |     4 |     3 ||     7
  Use: Scroll            |       |     7 |       ||     7
       Potion            |       |     2 |       ||     2
 Stab: Sleeping          |     5 |     8 |       ||    13
Armor: Robe              |    13 |     3 |       ||    16
       Leather armour    |       |    38 |     6 ||    44
Dodge: Dodged            |    65 |    75 |     8 ||   148
